 Dungeon Crawl Stone Soup version 0.30.0-10-gfe55d96785 (webtiles) character file.

Game seed: 15884940399672259482

53 CaptainMV the Conjurer (level 3, 0/24 HPs)
             Began as a Demonspawn Conjurer on May 15, 2023.
             Slain by an adder (4 damage)
             ... on level 2 of the Dungeon.
             The game lasted 00:08:00 (867 turns).

CaptainMV the Conjurer (Demonspawn Conjurer)         Turns: 867, Time: 00:08:02

Health: 0/24       AC:  3    Str:  7    XL:     3   Next: 64%
Magic:  5/6        EV: 12    Int: 21    God:
Gold:   56         SH:  0    Dex: 11    Spells: 0/6 levels left

rFire   . . .        a - +2 short sword (venom)
rCold   . . .        (no shield)
rNeg    . . .        c - +0 robe
rPois   .            (helmet restricted)
rElec   .            (no cloak)
rCorr   .            (no gloves)
SInv    .            d - +0 pair of boots
Will    .....        (no amulet)
Stlth   ++           (no ring)
HPRegen 0.24/turn    (no ring)
MPRegen 0.10/turn

%: no passive effects
@: lethally poisoned (0 -> -11)
A: antennae 1
a: no special abilities


You were on level 2 of the Dungeon.
You visited 1 branch of the dungeon, and saw 2 of its levels.

You collected 56 gold pieces.

Inventory:

Hand Weapons
 a - a +2 short sword of venom (weapon)
Missiles
 e - 10 poisoned darts (quivered)
Armour
 c - a +0 robe (worn)
 d - a +0 pair of boots (worn)
Magical Staves
 b - a staff of death
Scrolls
 h - a scroll of amnesia
Potions
 f - a potion of heal wounds
 g - a potion of magic


   Skills:
 + Level 0.2 Fighting
 + Level 0.3 Short Blades
 + Level 2.1 Dodging
 + Level 2.1 Stealth
 + Level 2.0 Spellcasting
 + Level 4.8 Conjurations


You couldn't memorise any spells.
You knew the following spells:

 Your Spells              Type           Power      Damage    Failure   Level
a - Magic Dart            Conj           88%        1d7       1%          1
b - Searing Ray           Conj           44%        2d6       3%          2
c - Volatile Blastmotes   Fire/Tloc      4%         2d10      41%         3

Your spell library contained the following spells:

 Spells                   Type           Power      Damage    Failure   Level
 Dazzling Flash           Conj/Hex       24%        N/A       16%         3
 Fulminant Prism          Conj/Hex       6%         3d7       47%         4
 Iskenderun's Mystic Bla  Conj/Tloc      12%        2d5       47%         4
 Lee's Rapid Deconstruct  Erth           1%         3d4*      99%         5


Dungeon Overview and Level Annotations

Branches:
Dungeon (2/15)

Altars:


Innate Abilities, Weirdness & Mutations

You have a pair of small antennae on your head.


Message History

You are poisoned.
The adder poisons you! The adder misses you.
You miss the adder.
You feel sick. The adder bites you.
You closely miss the adder.
You feel sick. The adder bites you.
* * * LOW HITPOINT WARNING * * *
The frilled lizard closely misses you.
It was a potion of heal wounds.
You feel much better.
You feel sick. The adder closely misses you.
The frilled lizard barely misses you.
You barely miss the adder.
You feel sick.
You are no longer poisoned.
The adder bites you.
The frilled lizard bites you but does no damage.
The adder barely misses you.
You miss the adder. The adder bites you.
The frilled lizard bites you but does no damage.
You hit the adder but do no damage.
The adder is poisoned.
The adder closely misses you. The frilled lizard bites you.
You miss the adder.
The adder is lightly wounded.
The adder bites you but does no damage. The frilled lizard barely misses you.
The adder barely misses you.
You hit the adder but do no damage.
The adder is moderately wounded.
The frilled lizard barely misses you. The adder closely misses you.
You closely miss the adder.
The adder is heavily wounded.
The adder closely misses you. The frilled lizard barely misses you.
You miss the adder.
The adder is severely wounded.
The adder bites you.
You are poisoned.
The adder poisons you! The frilled lizard bites you.
You closely miss the adder.
The adder is severely wounded.
You feel sick.
The adder looks more healthy.
The adder bites you.
* * * LOW HITPOINT WARNING * * *
You are more poisoned.
The adder poisons you! The frilled lizard closely misses you.
The adder bites you.
You die...

########### #######
.$........# #.....#
[.........# #.....#
..........# #.....#
..........# #.....#
......†@..###.....#
......lS..........#
.......###........#
....... #........#
......# #........#
...... #........#
.....# #........#
..... #........#
#.##........#


You could see an adder and a frilled lizard.

Vanquished Creatures
  4 dart slugs (D:1)
  3 bats (D:1)
  4 endoplasms
  A giant cockroach (D:2)
  4 goblins (D:1)
  4 hobgoblins
  2 quokkas
  4 ball pythons
  2 frilled lizards (D:1)
  9 kobolds
  5 rats
42 creatures vanquished.

Notes
Turn   | Place    | Note
-------+----------+-------------------------------------------
     0 | D:1      | CaptainMV the Demonspawn Conjurer began the quest for the
                  | Orb.
     0 | D:1      | Reached XP level 1. HP: 13/13 MP: 3/3
   163 | D:1      | Gained mutation: You have a pair of small antennae on your
                  | head. [demonic ancestry]
   163 | D:1      | Reached XP level 2. HP: 11/19 MP: 3/5
   405 | D:1      | Found a faded altar of an unknown god.
   454 | D:1      | Reached XP level 3. HP: 19/24 MP: 2/6
   793 | D:2      | Learned a level 2 spell: Searing Ray
   797 | D:2      | Learned a level 3 spell: Volatile Blastmotes
   867 | D:2      | Slain by an adder

Illustrated notes

Levels and vault maps discovered:
D:1:      dpeg_chamrin_arrival_tetris, layout_loops_ring,
          basic_ecumenical_altar, st_stairs_9
D:2:      layout_rooms, amethyst_killhole, uniq_crazy_yiuf_cottage

Skill      XL: |  1  2 |
---------------+-------+-----
Stealth        | 2 |  2.1
Dodging        | 2 |  2.1
Fighting       | |  0.2
Short Blades   | |  0.3
Spellcasting   | |  2.0
Conjurations   | |  4.8

Action                     || total
---------------------------++-------
  Melee: Short sword       ||    72
         Punch             ||     2
         Staff             ||     5
   Cast: Magic Dart        ||    51
         Volatile Blastmot ||     1
    Use: Scroll            ||     3
         Potion            ||     1
   Stab: Sleeping          ||     1
 Armour: Robe              ||    14
  Dodge: Dodged            ||    62
